 Dungeon Sprint DCSS version 0.22.1-1-ga44c0e56f4 (webtiles) character file.

471 MuseOD the Covert (level 6, -3/35 HPs)
             Began as a Spriggan Enchanter on Sept 22, 2018.
             Slain by a neqoxec (13 damage)
             ... in the Dungeon (Sprint II: "The Violet Keep of Menkaure").
             The game lasted 00:01:06 (142 turns).

MuseOD the Covert (Spriggan Enchanter)               Turns: 142, Time: 00:01:07

Health: -3/35      AC:  2    Str:  4    XL:     6   Next: 83%
Magic:  0/14       EV: 18    Int: 19    God:
Gold:   243        SH:  0    Dex: 16    Spells: 5/14 levels left

rFire    . . .     SeeInvis +   a - +1 dagger
rCold    . . .     Gourm    .   (shield restricted)
rNeg     . . .     Faith    .   b - +0 robe
rPois    .         Spirit   .   (helmet restricted)
rElec    .         Reflect  .   (no cloak)
rCorr    .         Harm     .   (gloves unavailable)
MR       +....     NoTele   +   (boots unavailable)
Stlth    +++++.....             (no amulet)
HPRegen  0.11/turn              (no ring)
MPRegen  0.14/turn              (no ring)

@: very quick
A: very small, unfitting armour, see invisible, herbivore, speed 3, slow
metabolism 2
a: no special abilities


You were in the Dungeon.
You were not hungry.

You visited 1 branch You collected 243 gold pieces.

Inventory:

Hand Weapons
 a - a +1 dagger (weapon)
Armour
 b - a +0 robe (worn)
Scrolls
 j - a scroll of blinking
Potions
 e - a potion of curing
 f - a potion of heal wounds
 g - a potion of haste
 h - 2 potions of magic
Comestibles
 d - a ration


   Skills:
 - Level 5.4 Fighting
 - Level 10.4 Short Blades
 - Level 3.0 Dodging
 + Level 12.1 Stealth
 + Level 4.8 Spellcasting
 + Level 5.4 Hexes


You had 5 spell levels left.
You knew the following spells:

 Your Spells              Type           Power        Failure   Level  Hunger
a - Corona                Hex            ####...      1%          1    None
b - Ensorcelled Hibernat  Hex/Ice        ##....       6%          2    #......
c - Confuse               Hex            ####....     4%          3    ##.....
d - Dazzling Spray        Conj/Hex       ##....       12%         3    ##.....

Your spell library contained the following spells:

 Spells                   Type           Power        Failure   Level  Hunger
 Tukima's Dance           Hex            ####....     4%          3    ##.....


Dungeon Overview and Level Annotations

Branches:
Dungeon (1/1)

Altars:


Innate Abilities, Weirdness & Mutations

You are very small and have problems with some larger weapons.
You are too small for most types of armour.
You have supernaturally acute eyesight. (SInv)
You are a herbivore.
You cover ground extremely quickly.
You need to consume almost no food.


Message History

You hit the neqoxec but do no damage.
Okay, then.
The neqoxec gestures.
You open the door. The white imp gestures at you. The puff of frost misses you.
The white imp disappears in a puff of smoke!
There is an open door here.
You close the door.
A crimson imp opens the door.
The neqoxec hits you!
* * * LOW HITPOINT WARNING * * *
Okay, then.
Casting: Confuse (safe; 4% risk of failure)
Confirm with . or Enter, or press ? or * to list all spells.
Aiming: Ensorcelled Hibernation (safe; 6% risk of failure)
Press: ? - help, Shift-Dir - straight line, f/p - neqoxec
Aim: a neqoxec (chance to defeat MR: 28%)
The neqoxec easily resists.
The neqoxec hits you!
You die...

## #### ##.# ..#
##.####..##
#'###.##..#
##.##.55#..#
+.5.')#53@.#
##5##...#....#
#+###.##§.....≈≈
###≈≈.....≈#
≈≈≈≈≈..≈#
≈≈≈≈§≈≈.≈#
≈≈§§≈≈≈≈≈#
≈≈≈≈≈≈§§≈≈#


You could see a neqoxec, an iron imp and 2 crimson imps.

Vanquished Creatures
  A merfolk siren (D)
  A neqoxec (D)
2 creatures vanquished.

Vanquished Creatures (others)
  Menkaure (D)
  A crocodile (D)
2 creatures vanquished.

Grand Total: 4 creatures vanquished

Notes
Turn   | Place    | Note
-------+----------+-------------------------------------------
     0 | D        | MuseOD the Spriggan Enchanter began the quest for the Orb.
     0 | D        | Reached XP level 1. HP: 9/9 MP: 5/5
     1 | D        | Noticed a merfolk siren
    15 | D        | Killed a merfolk siren
    15 | D        | Reached skill level 5 in Fighting
    15 | D        | Reached skill level 10 in Short Blades
    15 | D        | Reached skill level 11 in Stealth
    15 | D        | Reached XP level 2. HP: 7/18 MP: 6/6
    15 | D        | Reached XP level 3. HP: 8/23 MP: 8/8
    15 | D        | Reached XP level 4. HP: 10/27 MP: 9/9
    15 | D        | Reached XP level 5. HP: 11/30 MP: 10/10
    15 | D        | Reached XP level 6. HP: 13/35 MP: 11/11
    40 | D        | Killed Menkaure
    59 | D        | Learned a level 2 spell: Ensorcelled Hibernation
    63 | D        | Learned a level 3 spell: Confuse
    67 | D        | Learned a level 3 spell: Dazzling Spray
    73 | D        | Noticed a neqoxec
    86 | D        | Killed a neqoxec
    86 | D        | Reached skill level 12 in Stealth
    86 | D        | Reached skill level 5 in Hexes
    91 | D        | Noticed a neqoxec
   142 | D        | Slain by a neqoxec

Skill      XL: |  1  2  3  4  5  6 |
---------------+-------------------+-----
Fighting       | 5 |  5.4
Short Blades   | 10 | 10.4
Stealth        | 11 12 | 12.1
Spellcasting   | 4 |  4.8
Hexes          | 5 |  5.4
Dodging        | |  3.0

Action                   |  1- 3 |  4- 6 || total
-------------------------+-------+-------++-------
Melee: Dagger            |    11 |     9 ||    20
 Cast: Confuse           |       |     4 ||     4
       Ensorcelled Hiber |       |     2 ||     2
  Use: Potion            |     1 |       ||     1
 Stab: Confused          |       |     1 ||     1
Dodge: Dodged            |     5 |     3 ||     8
